 Dungeon Crawl Stone Soup version 0.29.0-15-g675c0067aa (webtiles) character file.

Game seed: 12051740730609979775

8934 funnyparkerb the Spear-Bearer (level 11, -9/90 HPs)
             Began as a Merfolk Gladiator on Sept 12, 2022.
             Was a High Priest of Okawaru.
             Mangled by an ice devil (23 damage)
             ... on level 11 of the Dungeon.
             The game lasted 00:32:08 (14983 turns).

funnyparkerb the Spear-Bearer (Merfolk Gladiator)  Turns: 14983, Time: 00:32:09

Health: -9/90      AC: 15    Str: 17    XL:     11   Next: 38%
Magic:  13/14      EV: 17    Int:  7    God:    Okawaru [*****.]
Gold:   487        SH:  0    Dex: 18    Spells: 10/10 levels left

rFire   + . .      SeeInvis .   a - +0 trident
rCold   . . .      Faith    +   (no shield)
rNeg    . . .      Spirit   .   n - +0 scale mail
rPois   .          Reflect  .   c - +0 helmet
rElec   .          Harm     .   y - +0 cloak of Dim Light {Slay+2}
rCorr   .          Rampage  .   E - +0 pair of gloves
Will    +....                   r - +0 pair of boots
Stlth   +++.......              i - amulet of faith
HPRegen 0.25/turn               d - ring of willpower
MPRegen 0.14/turn               M - ring of protection from fire

@: about to teleport, heroic
A: (nimble swimmer 2), mertail
a: Renounce Religion, Heroism, Finesse, Duel


You were on level 11 of the Dungeon.
You worshipped Okawaru.
Okawaru was extremely pleased with you.
You visited 2 branches of the dungeon, and saw 12 of its levels.

You collected 668 gold pieces.
You spent 181 gold pieces at shops.

Inventory:

Hand Weapons
 a - a +0 trident (weapon)
Missiles
 e - 5 javelins (quivered)
 t - 74 stones
 N - a boomerang
Armour
 c - a +0 helmet (worn)
 n - a +0 scale mail (worn)
 r - a +0 pair of boots (worn)
 y - the +0 cloak of Dim Light (worn) {Slay+2}
   (You found it on level 5 of the Dungeon)

   Slay:      It affects your accuracy & damage with ranged weapons and melee
   (+2).
 E - a +0 pair of gloves (worn)
Jewellery
 d - a ring of willpower (left hand)
 i - an amulet of faith (around neck)
 q - an amulet of reflection
 M - a ring of protection from fire (right hand)
Wands
 D - a wand of acid (17)
 G - a wand of flame (19)
Scrolls
 b - 4 scrolls of immolation {unknown}
 h - 5 scrolls of teleportation
 m - 2 scrolls of poison {unknown}
 o - 2 scrolls of torment {unknown}
 s - a scroll of brand weapon {unknown}
 v - 2 scrolls of butterflies {unknown}
 H - 2 scrolls of noise {unknown}
 I - 2 scrolls of enchant weapon {unknown}
 J - 2 scrolls of amnesia {unknown}
 K - 3 scrolls of enchant armour
 L - 2 scrolls of magic mapping {unknown}
Potions
 f - a potion of degeneration
 g - 3 potions of attraction
 j - a potion of ambrosia
 k - 2 potions of might
 l - 5 potions of curing
 p - 2 potions of brilliance
 u - a potion of cancellation
 w - 3 potions of lignification
 x - a potion of berserk rage
 z - 2 potions of haste
 A - 2 potions of invisibility
 B - 2 potions of flight
 C - 2 potions of resistance


   Skills:
 + Level 10.1(15.1) Fighting
 + Level 13.0(18.0) Polearms
 - Level 2.0(7.0) Throwing
 + Level 6.8(11.8) Armour
 - Level 8.0(13.0) Dodging
 + Level 3.0(8.0) Stealth
 + Level 4.2 Invocations


You had 10 spell levels left.
You didn't know any spells.
Your spell library contained the following spells:

 Spells                   Type           Power      Damage    Failure   Level
 Necrotise                Necr           0%         1d4       75%         1
 Static Discharge         Conj/Air       0%         3-3/arc   87%         2
 Inner Flame              Hex/Fire       0%         N/A       98%         3
 Vampiric Draining        Necr           0%         2d6       98%         3
 Cause Fear               Hex            0%         N/A       100%        4
 Dispel Undead            Necr           0%         3d6       100%        4
 Sticky Flame             Conj/Fire      0%         2d3       100%        4
 Agony                    Necr           0%         N/A       100%        5
 Discord                  Hex            0%         N/A       100%        8


Dungeon Overview and Level Annotations

Branches:
Dungeon (11/15)            Temple (1/1) D:5
   Lair: D:8-11         Orc: D:9-12

Altars:
Ashenzari
Cheibriados
Dithmenos
Elyvilon
Fedhas
Gozag
Hepliaklqana
Makhleb
Nemelex Xobeh
Okawaru
Qazlal
Ru
Sif Muna
Trog
Uskayaw
Wu Jian
Xom
Yredelemnul
Zin

Shops:
D:2 [   D:10 ?

Portals:
Ice
Cave: D:11


Innate Abilities, Weirdness & Mutations

((You are very nimble when in or above water. (Stealth+, EV+, Speed+++)))
Your lower body shifts to a powerful aquatic tail in water.


Message History

The ice devil barely misses you.
You closely miss the ice devil. You punch the ice devil.
The ice devil is lightly wounded.
You hit the ice devil but do no damage.
The ice devil is lightly wounded.
The ice devil hits you but does no damage.
You hit the ice devil but do no damage.
The ice devil is lightly wounded.
You puncture the ice devil!
The ice devil is moderately wounded.
The ice devil completely misses you.
The boulder beetle curls into a ball and begins rolling!
You hit the ice devil but do no damage.
The ice devil is moderately wounded.
The ice devil closely misses you.
You hit the ice devil.
The ice devil is moderately wounded.
You hit the ice devil but do no damage.
The ice devil is moderately wounded.
The ice devil hits you. The ice devil freezes you!!
You hit the ice devil.
The ice devil is heavily wounded.
You closely miss the ice devil.
The ice devil is heavily wounded.
The ice devil barely misses you.
You puncture the ice devil!
The ice devil is severely wounded.
The boulder beetle hits you!!!
Ouch! That really hurt!
* * * LOW HITPOINT WARNING * * *
The boulder beetle stops rolling and uncurls.
The ice devil misses you.
An ice devil comes into view.
As you read the scroll of teleportation, it crumbles to dust.
You feel strangely unstable.
The boulder beetle completely misses you.
The ice devil hits you!
* * * LOW HITPOINT WARNING * * *
The ice devil freezes you!!
You die...

#####.#....#..#.........
......#....'..#.........
......#....#..#...######
......#....#..##..#
......######...#°.#
...............#°.##
...............#°..#
......#####..###B#+#
......# #..# #@..#
.$....# #..# ##4##
......# #..# .# ......#
#..# 4. ......# #..# ...
......#####..# ...#
.............# ∩..#
............## ####
............#


You could see a boulder beetle and 2 ice devils.

Vanquished Creatures
  Harold (D:9)
  Pikel (D:5)
  A gargoyle (D:10)
  Psyche (D:9)
  2 trolls
  Prince Ribbit (D:6)
  A wyvern (D:9)
  21 yaks
  A vampire (D:9)
  2 steam dragons
  An acid dragon (D:8)
  3 water moccasins
  Duvessa (D:6)
  2 orc warriors
  3 ogres
  2 ice beasts (D:8)
  A sky beast (D:6)
  The ghost of Strat the Ducker, an amateur MfFE of Ru (D:3)
  3 centaurs
  A kobold brigand (D:9)
  A phantom (D:5)
  5 bullfrogs
  2 scorpions
  2 gnoll sergeants
  Dowan (D:6)
  5 hounds
  3 jellies
  9 orc priests
  Crazy Yiuf (D:6)
  4 orc wizards
  7 adders
  11 gnolls
  A river rat (D:3)
  A shadow imp (D:7)
  2 white imps (D:6)
  An ufetubus (D:6)
  2 worms
  6 dart slugs
  24 orcs
  4 endoplasms
  2 giant cockroaches
  6 goblins
  4 hobgoblins
  6 jackals
  8 kobolds
  5 quokkas
  13 ball pythons
  3 bats
  A frilled lizard (D:1)
  3 rats
193 creatures vanquished.

Notes
Turn   | Place    | Note
-------+----------+-------------------------------------------
     0 | D:1      | funnyparkerb the Merfolk Gladiator began the quest for the
                  | Orb.
     0 | D:1      | Reached XP level 1. HP: 16/16 MP: 1/1
   402 | D:1      | Reached XP level 2. HP: 19/22 MP: 2/2
   525 | D:1      | Reached skill level 5 in Polearms
   814 | D:1      | Reached XP level 3. HP: 21/27 MP: 3/3
  1453 | D:2      | Found Juratiam's Armour Shoppe.
  1604 | D:2      | Reached skill level 6 in Polearms
  1783 | D:2      | Found a faded altar of an unknown god.
  2267 | D:2      | Identified the +4 dagger of Untimely Demise {distort,
                  | Str+5}
  2338 | D:2      | Reached XP level 4. HP: 34/34 MP: 4/4
  2578 | D:3      | Found a runed translucent door.
  2581 | D:3      | Noticed Strat's ghost (amateur MfFE)
  2721 | D:3      | Found a runed translucent door.
  3469 | D:3      | Reached XP level 5. HP: 40/40 MP: 5/5
  3581 | D:3      | Killed Strat's ghost
  3582 | D:3      | Reached skill level 1 in Armour
  3698 | D:3      | Reached skill level 5 in Dodging
  4159 | D:4      | Reached XP level 6. HP: 43/47 MP: 6/6
  4163 | D:4      | Found a broken altar of Ashenzari.
  4256 | D:4      | Found a shadowy altar of Dithmenos.
  5109 | D:5      | Entered Level 5 of the Dungeon
  5132 | D:5      | Noticed Pikel
  5164 | D:5      | Noticed a water moccasin
  5181 | D:5      | Killed a water moccasin
  5182 | D:5      | Reached skill level 7 in Polearms
  5368 | D:5      | Reached XP level 7. HP: 54/54 MP: 7/7
  5377 | D:5      | Found a staircase to the Ecumenical Temple.
  5386 | Temple   | Entered the Ecumenical Temple
  5595 | Temple   | Became a worshipper of Warmaster Okawaru
  5907 | D:5      | Identified the +0 cloak of Dim Light {Slay+2}
  5971 | D:5      | Killed Pikel
  5971 | D:5      | Reached * piety under Okawaru
  5972 | D:5      | Reached skill level 5 in Fighting
  5972 | D:5      | Reached skill level 8 in Polearms
  5972 | D:5      | Reached XP level 8. HP: 45/62 MP: 8/8
  6259 | D:5      | Identified the +2 mace "Sellurgh" {chaos, Will+ Dex+6 SInv}
  6934 | D:6      | HP: 1/62 [acid (8)]
  7354 | D:6      | Reached skill level 1 in Invocations
  7455 | D:6      | Reached ** piety under Okawaru
  7724 | D:6      | Noticed Duvessa
  7724 | D:6      | Noticed Dowan
  7832 | D:7      | Reached skill level 9 in Polearms
  7832 | D:7      | Reached XP level 9. HP: 55/69 MP: 8/11
  7953 | D:7      | Found a bloodstained altar of Trog.
  7953 | D:7      | Found an ornate altar of the Wu Jian Council.
  8267 | D:7      | Identified the +1 robe "Xobb" {+Inv rC+ MP+9}
  8290 | D:7      | Identified the +4 flail of Reason {flame, Fly rN+}
  8857 | D:6      | Noticed Prince Ribbit
  8866 | D:6      | Reached skill level 10 in Polearms
  8867 | D:6      | Killed Prince Ribbit
  8867 | D:6      | Reached *** piety under Okawaru
  9265 | D:6      | Killed Duvessa
  9287 | D:6      | Killed Dowan
  9362 | D:6      | Found a runed translucent door.
  9363 | D:6      | Noticed Crazy Yiuf
  9375 | D:6      | Killed Crazy Yiuf
  9896 | D:8      | Found a sacrificial altar of Ru.
  9897 | D:8      | Found a white marble altar of Elyvilon.
 10107 | D:8      | Reached skill level 5 in Armour
 10151 | D:8      | Found a shimmering altar of Xom.
 10247 | D:8      | Reached XP level 10. HP: 80/80 MP: 12/12
 10295 | D:8      | Found a shimmering blue altar of Sif Muna.
 10696 | D:9      | Noticed Harold
 10715 | D:9      | HP: 2/72 [orc priest/divine providence (14)]
 10961 | D:9      | Reached skill level 11 in Polearms
 11139 | D:9      | Reached **** piety under Okawaru
 11399 | D:9      | Killed Harold
 11399 | D:9      | Received a gift from Okawaru
 11400 | D:9      | Reached skill level 12 in Polearms
 11420 | D:9      | Reached ***** piety under Okawaru
 11743 | D:9      | Received a gift from Okawaru
 11773 | D:9      | Reached XP level 11. HP: 29/90 MP: 13/13
 12077 | D:9      | Noticed Psyche
 12102 | D:9      | Killed Psyche
 12386 | D:9      | Reached skill level 1 in Stealth
 13240 | D:10     | Entered Level 10 of the Dungeon
 14019 | D:10     | Reached skill level 10 in Fighting
 14031 | D:10     | Received a gift from Okawaru
 14140 | D:10     | Reached skill level 13 in Polearms
 14432 | D:10     | Found Bagues's Magic Scroll Shop.
 14438 | D:10     | Bought a scroll of enchant armour for 82 gold pieces
 14438 | D:10     | Bought a scroll of identify for 22 gold pieces
 14438 | D:10     | Bought a scroll of identify for 22 gold pieces
 14438 | D:10     | Bought a scroll of teleportation for 33 gold pieces
 14438 | D:10     | Bought a scroll of identify for 22 gold pieces
 14960 | D:11     | Noticed a boulder beetle
 14967 | D:11     | Found a frozen archway.
 14983 | D:11     | Mangled by an ice devil

Illustrated notes

Levels and vault maps discovered:
D:1:      psy_arrival_spokes, layout_loops_ring, minmay_tromino_i2
D:2:      layout_basic, serial_shops, shop, serial_co_window_serial,
          co_window_of_opportunity_a, co_window_paths_b, co_window_paths_a,
          co_window_corner_a, co_window_paths_b, co_window_broadway_b,
          co_window_2corner, co_window_cross_4, co_window_4corner_b,
          co_window_4corner_a, glass_columns_a, glass_columns_a,
          glass_columns_a, glass_columns_a, glass_columns_a,
          nicolae_ecumenical_snake_handling
D:3:      layout_basic, ebering_ghost_sewer_f
D:4:      layout_layer_cave, evilmike_ruin_ashenzari, old_standard_altar
D:5:      layout_basic, minmay_temple_entry_gardened_gates, uniq_pikel
D:6:      layout_basic, chequers_serial_rivers_micro_c,
          kennysheep_cross_bottleneck, grunt_ministairs_10, uniq_duvessa,
          uniq_prince_ribbit1, uniq_crazy_yiuf_cottage
D:7:      layout_rooms, gammafunk_temple_overflow_elements
D:8:      layout_gridville, overflow_temple_1_default,
          nicolae_overflow_crystal_walls, gammafunk_temple_overflow_statue
D:9:      layout_basic, nzn_life_drinkers, uniq_psyche, uniq_harold
D:10:     layout_grid_maze, serial_shops, shop, david_defended_altar_orc
D:11:     layout_irregular_city, david_lair_shrubbed, orc_0_dummy,
          portal_ice_cave_demonic_guard, grunt_dithmenos_smoke
Temple:   minmay_temple_curvy_branch

Skill      XL: |  1  2  3  4  5  6  7  8  9 10 11 |
---------------+----------------------------------+-----
Polearms       | 5 6 7 8 9 10 12 13 | 13.0
Fighting       | 3 4 5 6 7 9 10 | 10.1
Armour         | 1 2 3 5 6 |  6.8
Dodging        | 5 6 7 8 |  8.0
Invocations    | 2 3 4 |  4.2
Stealth        | 3 |  3.0
Throwing       | |  2.0

Action                   |  1- 3 |  4- 6 |  7- 9 | 10-12 || total
-------------------------+-------+-------+-------+-------++-------
Melee: Trident           |   131 |   153 |   327 |   385 ||   996
       Punch             |     1 |       |     6 |    17 ||    24
       Unarmed           |       |       |       |     5 ||     5
Throw: Throwing net      |       |     4 |     1 |     1 ||     6
       Stone             |       |     1 |       |       ||     1
       Javelin           |       |       |       |     1 ||     1
Invok: Heroism           |       |       |    15 |    16 ||    31
Evoke: Wand              |       |       |     1 |       ||     1
  Use: Scroll            |       |     8 |     2 |     6 ||    16
       Potion            |       |     3 |     4 |     1 ||     8
 Stab: Sleeping          |     2 |       |       |       ||     2
       Distracted        |       |     1 |       |       ||     1
       Held in net/web   |       |     1 |       |     1 ||     2
Armor: Leather armour    |    20 |       |       |       ||    20
       Scale mail        |     9 |    44 |    94 |    69 ||   216
Dodge: Dodged            |    64 |    66 |   174 |   153 ||   457
